Map: Dusk Towers

Players

LoraX - Winner!

  • Race: Protoss Protoss
  • League: Diamond

MorN

  • Race: Terran Terran
  • League: Diamond

VOD

Have the link to the VOD?

Description

Time

  • Played on: Nov. 17, 2015, 5:43 p.m.
  • Length: 8:49
Show
View Real Time Build Order
Export as new Build Order

LoraX Protoss - Winner!

Build Orders: 1 Gate Expand, Double Forge, Phoenix Opening 

Get SALT Encoding   

  12  0:01  Probe (Chrono Boost)  
  13  0:11  Probe (Chrono Boost)  
  14  0:21  Pylon  
  14  0:22  Probe (Chrono Boost)  
  15  0:39  Probe (Chrono Boost)  
  15  0:40  Gateway  
  16  0:49  Probe (Chrono Boost)  
  17  1:00  Probe (Chrono Boost)  
  18  1:10  Probe (Chrono Boost)  
  19  1:18  Nexus  
  19  1:21  Probe (Chrono Boost)  
  19  1:22  Assimilator  
  20  1:27  Assimilator  
  20  1:32  Probe (Chrono Boost)  
  21  1:36  Pylon  
  21  1:43  Probe (Chrono Boost)  
  22  1:49  Cybernetics Core  
  22  1:53  Probe (Chrono Boost)  
  23  2:04  Probe (Chrono Boost)  
  24  2:14  Probe (Chrono Boost)  
  25  2:26  Stargate  
  25  2:28  Probe (Chrono Boost)  
  25  2:29  Stalker (Chrono Boost)  
  27  2:30  Probe  
  27  2:36  Warp Gate  
  29  2:39  Probe  
  29  2:42  Probe  
  31  2:50  Probe (Chrono Boost)  
  32  2:55  Mothership Core (Chrono Boost)  
  34  3:02  Probe (Chrono Boost), Assimilator  
  35  3:06  Assimilator  
  35  3:11  Probe (Chrono Boost)  
  36  3:14  Probe (Chrono Boost)  
  36  3:16  Phoenix (Chrono Boost)  
  39  3:21  Probe  
  39  3:25  Probe  
  41  3:27  Pylon  
  41  3:32  Probe  
  42  3:38  Probe, Phoenix (Chrono Boost)  
  45  3:42  Probe  
  46  3:49  Pylon  
  46  3:50  Probe  
  46  3:53  Probe  
  48  3:56  Robotics Facility  
  48  4:02  Probe, Phoenix (Chrono Boost)  
  51  4:03  Probe  
  52  4:14  Probe x2  
  54  4:24  Probe, Phoenix (Chrono Boost)  
  56  4:26  Probe  
  56  4:27  Pylon  
  58  4:32  Pylon  
  58  4:35  Probe  
  59  4:40  Forge  
  59  4:41  Forge  
  59  4:44  Observer  
  60  4:55  Phoenix (Chrono Boost)  
  64  5:07  Gateway  
  64  5:09  Observer  
  64  5:10  Gateway  
  63  5:14  Protoss Ground Weapons Level 1 (Chrono Boost), Protoss Ground Armor Level 1 (Chrono Boost)  
  63  5:17  Phoenix (Chrono Boost)  
  63  5:19  Robotics Bay  
  65  5:25  Probe  
  66  5:40  Observer  
  67  5:44  Probe  
  67  5:46  Nexus  
  68  5:52  Pylon x2  
  68  5:54  Pylon  
  68  5:56  Pylon  
  68  6:04  Twilight Council  
  70  6:06  Colossus  
  70  6:07  Extended Thermal Lance  
  74  6:16  Sentry  
  74  6:17  Zealot x2  
  77  6:41  Gateway, Phoenix  
  77  6:43  Gateway  
  77  6:45  Gateway  
  79  6:50  Stalker x2  
  79  6:52  Zealot  
  83  7:06  Phoenix  
  83  7:08  Probe  
  85  7:09  Probe x2  
  85  7:11  Assimilator  
  85  7:14  Colossus (Chrono Boost)  
  85  7:15  Assimilator  
  94  7:21  Probe  
  93  7:30  Stalker x3  
  93  7:31  Phoenix (Chrono Boost)  
  93  7:34  Pylon  
  93  7:35  Pylon  
  101  7:49  Stalker x2  
  105  7:57  Probe  
  106  7:58  Probe x2  
  114  8:24  Stalker x5  
  124  8:29  Pylon  
  124  8:31  Pylon  
Show
View Real Time Build Order
Export as new Build Order

MorN Terran 

Build Orders: MMM Bio 

Get SALT Encoding   

  12  0:00  SCV  
  13  0:12  SCV  
  14  0:17  Supply Depot  
  14  0:25  SCV  
  15  0:39  SCV, Barracks  
  16  0:44  Refinery  
  16  0:51  SCV  
  17  1:03  SCV  
  18  1:15  SCV  
  19  1:28  Orbital Command, Marine  
  20  1:46  Command Center, Marine  
  21  2:01  Factory  
  21  2:04  SCV  
  22  2:11  Supply Depot  
  22  2:17  SCV  
  23  2:32  SCV, Marine  
  25  2:44  Factory Tech Lab, SCV  
  25  2:50  Marine  
  27  2:56  Barracks  
  27  2:57  SCV  
  28  2:59  Orbital Command  
  28  3:03  Cyclone  
  31  3:07  Marine  
  31  3:09  SCV  
  33  3:19  Refinery  
  32  3:21  SCV  
  33  3:32  SCV  
  34  3:36  SCV  
  35  3:44  SCV  
  35  3:47  Factory Tech Lab  
  35  3:48  SCV  
  37  3:49  Command Center  
  37  3:51  Stimpack  
  37  3:52  Barracks Reactor  
  37  3:56  SCV  
  37  3:58  Barracks  
  37  4:00  SCV  
  37  4:01  Marine  
  40  4:08  SCV  
  41  4:12  SCV  
  41  4:16  Supply Depot  
  42  4:19  Supply Depot, Marine  
  42  4:20  SCV  
  44  4:24  SCV  
  44  4:29  Marine  
  46  4:36  Starport, Factory Reactor  
  46  4:37  Refinery, Marine  
  46  4:38  SCV  
  48  4:41  Engineering Bay  
  48  4:44  SCV  
  49  4:50  SCV  
  46  5:04  SCV  
  46  5:05  SCV  
  48  5:08  Refinery  
  48  5:11  Marine x2  
  48  5:12  Marauder  
  48  5:14  Combat Shields  
  52  5:19  Medivac x2  
  56  5:21  Marine  
  56  5:23  Factory Reactor  
  56  5:25  Supply Depot  
  57  5:29  Marine  
  57  5:35  Missile Turret  
  54  5:40  Missile Turret  
  54  5:41  Marauder, Marine  
  54  5:42  SCV, Marauder  
  59  5:48  Marine  
  59  5:49  Orbital Command  
  60  5:50  SCV, Missile Turret  
  60  5:55  Medivac  
  60  5:56  Medivac  
  65  5:58  Marine  
  65  5:59  SCV  
  65  6:02  SCV  
  68  6:09  Marauder x2, Marine  
  73  6:11  SCV  
  54  6:18  Orbital Command  
  74  6:23  Marine  
  74  6:25  Missile Turret  
  75  6:26  Marine  
  75  6:30  Marauder, Marine  
  79  6:34  Medivac x2  
  83  6:41  SCV x2  
  85  6:54  Barracks  
  85  6:55  Barracks  
  85  6:58  Supply Depot, Marauder  
  85  7:02  Liberator x2  
  85  7:06  Marine x2  
  85  7:07  Marine  
  84  7:11  SCV  
  84  7:14  Supply Depot  
  84  7:15  Supply Depot  
  85  7:19  SCV x2  
  92  7:23  SCV, Marauder  
  92  7:24  Marine x2  
  92  7:25  Marauder  
  92  7:33  SCV  
  92  7:36  SCV x2  
  95  7:39  Supply Depot  
  95  7:40  Supply Depot  
  95  7:42  Marine  
  96  7:44  Marine  
  96  7:45  SCV  
  96  7:46  Marauder  
  96  7:48  SCV x2, Liberator x2  
  96  7:49  Barracks Reactor, Barracks Tech Lab  
  102  7:56  Marine  
  102  7:57  Refinery  
  102  7:58  SCV  
  104  7:59  Marine  
  104  8:00  SCV x2  
  107  8:10  SCV, Marauder x2, Marine  
  107  8:12  SCV x2  
  121  8:17  Supply Depot  
  121  8:22  SCV  
  121  8:27  SCV x2  
  124  8:37  Supply Depot  
  124  8:39  Supply Depot  
Tags
 
Add a new tag
Caveats
  • Supply blocks, unpowered buildings, or Contaminate may cause inaccurate times.
  • Supply counts are checked every 10 seconds.